Map: Junção Kairos LE

Players

Vicster

  • Race: Terran Terran
  • League: Gold
  • Spawn Location: 11:00

JakenSullen - Winner!

  • Race: Protoss Protoss
  • Spawn Location: 5:00

VOD

Have the link to the VOD?

Description

Time

  • Played on: Jan. 9, 2019, 1:52 p.m.
  • Length: 11:17
Show
View Real Time Build Order
Export as new Build Order

Vicster Terran 

Build Orders:  

Get SALT Encoding   

  12  0:01  SCV  
  13  0:13  SCV  
  14  0:25  SCV  
  15  0:29  Supply Depot  
  15  0:41  Refinery  
  15  0:50  SCV  
  15  0:55  Barracks  
  16  1:02  SCV  
  17  1:14  SCV  
  18  1:26  SCV  
  19  1:38  SCV  
  20  1:49  Command Center  
  20  1:52  Barracks Tech Lab  
  19  2:08  Supply Depot  
  18  2:19  Bunker  
  18  2:21  Orbital Command  
  17  2:31  Marine  
  18  3:05  Bunker  
  18  3:06  Marine  
  19  3:17  Refinery  
  18  3:29  Marine  
  16  3:47  Marine  
  17  4:05  Marine, Bunker  
  17  4:09  Bunker  
  17  4:22  SCV  
  18  4:34  SCV  
  19  4:57  Command Center  
  19  5:05  Factory  
  19  5:10  Marine  
  19  5:11  Stimpack  
  20  5:18  SCV  
  21  5:30  SCV  
  22  5:43  Marine  
  22  5:45  Bunker  
  23  5:50  SCV  
  23  5:54  Factory Tech Lab  
  23  5:56  Command Center  
  24  6:01  Marine  
  24  6:02  SCV  
  24  6:14  SCV  
  25  6:19  Marine  
  25  6:20  Siege Tank  
  25  6:25  Orbital Command  
  29  6:27  SCV  
  30  6:37  Marine  
  30  6:38  Engineering Bay  
  30  6:39  SCV  
  32  6:40  Supply Depot  
  32  6:51  SCV  
  32  7:06  Siege Tank  
  35  7:14  Orbital Command  
  35  7:17  Terran Infantry Weapons Level 1  
  35  7:21  Missile Turret  
  35  7:27  Bunker  
  35  7:38  Siege Tank  
  37  7:47  Marine  
  36  8:05  Marine  
  37  8:10  Cyclone  
  40  8:22  Marine  
  41  8:27  SCV x2  
  41  8:28  SCV  
  44  8:35  Supply Depot x2  
  44  8:40  SCV  
  45  8:42  Cyclone  
  48  8:51  Missile Turret  
  48  8:57  SCV x3  
  51  9:05  Supply Depot  
  51  9:09  SCV  
  52  9:10  Supply Depot  
  52  9:12  SCV x2  
  52  9:14  Cyclone  
  57  9:21  SCV  
  57  9:24  SCV  
  59  9:25  Barracks Tech Lab  
  59  9:36  Barracks  
  59  9:38  Barracks x2  
  59  9:39  Barracks  
  59  9:41  Starport  
  59  9:46  Supply Depot  
  59  9:50  Supply Depot  
  59  9:51  Supply Depot  
  18  10:59  Barracks Reactor x3  
  18  11:03  SCV  
Show
View Real Time Build Order
Export as new Build Order

JakenSullen Protoss - Winner!

Build Orders:  

Get SALT Encoding   

  12  0:01  Probe  
  13  0:16  Pylon  
  13  0:18  Probe  
  14  0:30  Probe  
  15  0:39  Probe  
  15  0:41  Forge  
  15  0:48  Probe  
  17  0:59  Probe  
  18  1:16  Pylon  
  18  1:37  Photon Cannon  
  18  1:38  Photon Cannon  
  18  1:49  Pylon  
  17  2:20  Gateway  
  17  2:21  Gateway  
  17  2:23  Assimilator  
  17  2:26  Probe, Assimilator  
  18  2:36  Pylon  
  18  2:38  Probe  
  19  2:46  Photon Cannon  
  19  2:56  Photon Cannon  
  19  3:03  Photon Cannon  
  19  3:22  Cybernetics Core  
  19  3:25  Pylon  
  19  3:35  Probe  
  20  3:43  Nexus, Probe  
  20  4:15  Probe  
  20  4:16  Stalker x2  
  25  4:19  Warp Gate  
  25  4:26  Gateway  
  25  4:27  Probe, Gateway  
  26  4:39  Probe  
  27  4:46  Stalker  
  27  4:48  Stalker  
  30  5:00  Probe x2  
  32  5:08  Probe  
  32  5:09  Probe  
  34  5:17  Probe x2  
  36  5:37  Stargate  
  36  5:38  Robotics Facility  
  36  5:40  Probe x2  
  38  5:44  Assimilator  
  38  5:50  Stalker  
  40  5:57  Shield Battery  
  40  6:01  Shield Battery  
  38  6:26  Stalker x2  
  38  6:27  Stalker  
  44  6:33  Phoenix  
  44  6:35  Observer  
  45  6:59  Phoenix  
  45  7:02  Immortal  
  49  7:09  Probe x2  
  49  7:11  Protoss Ground Weapons Level 1  
  51  7:21  Probe  
  51  7:22  Probe  
  53  7:25  Gateway  
  53  7:33  Probe  
  54  8:06  Pylon  
  54  8:14  Pylon  
  54  8:17  Pylon  
  54  8:24  Probe x2  
  54  8:25  Pylon  
  54  8:28  Pylon  
  54  8:31  Pylon  
  54  8:32  Immortal, Phoenix  
  60  8:35  Stalker x3  
  60  8:36  Probe x2, Pylon  
  68  8:48  Probe  
  68  8:52  Twilight Council  
  69  9:02  Assimilator  
  69  9:13  Nexus  
  68  9:18  Observer  
  68  9:19  Phoenix  
  71  9:25  Probe x2  
  71  9:26  Charge  
  73  9:37  Probe  
  74  9:43  Fleet Beacon  
  74  9:49  Stargate  
  74  9:56  Gateway  
  74  9:57  Probe x2, Gateway  
  67  10:38  Phoenix  
  63  10:54  Zealot x2  
  63  10:55  Zealot, Stalker x3  
  63  10:56  Stalker  
Tags
 
League
Gold
Matchup
PvT
Replay Pack
Vicster replay
Spawn Locations
Cross Positions
Add a new tag
Caveats
  • Supply blocks, unpowered buildings, or Contaminate may cause inaccurate times.
  • Supply counts are checked every 10 seconds.